Description

tvp

Replay - INnoVation v RAIL: Game 2 - 赛博森林-天梯版

Build Order

Get SALT Encoding   

  12  0:00  SCV  
  13  0:12  SCV  
  14  0:17  Supply Depot  
  14  0:24  SCV  
  15  0:38  SCV  
  15  0:40  Barracks  
  16  0:43  Refinery  
  16  0:50  SCV  
  17  1:03  SCV  
  18  1:15  SCV  
  19  1:26  Reaper  
  19  1:27  Orbital Command  
  20  1:41  Command Center  
  20  1:52  Supply Depot  
  20  1:53  SCV  
  21  1:59  Barracks Reactor  
  21  2:05  Bunker  
  21  2:07  SCV  
  22  2:12  Refinery  
  22  2:19  SCV  
  23  2:26  Factory  
  23  2:35  Marine x2  
  26  2:53  Marine x2  
  27  3:11  Factory Tech Lab, Marine x2  
  28  3:20  Starport  
  29  3:31  Orbital Command  
  29  3:32  Marine x2  
  29  3:34  Cyclone  
  35  3:50  Marine x2  
  38  3:57  Starport Tech Lab  
  38  4:01  Supply Depot  
  41  4:15  Raven  
  47  4:24  Supply Depot  
  47  4:31  Barracks  
  50  4:32  Siege Tank  
  50  4:37  Supply Depot  
  54  4:44  Barracks  
  54  4:48  Refinery  
  58  5:04  Siege Tank  
  63  5:13  Engineering Bay  
  65  5:20  Starport Tech Lab  
  67  5:25  Stimpack  
  71  5:36  Refinery  
  71  5:43  Terran Infantry Weapons Level 1  
  71  5:46  Starport Reactor  
  73  5:51  Combat Shield  
  75  6:00  Marauder x2  
  83  6:12  Siege Tank  
  86  6:24  Command Center  
  86  6:26  Medivac x2  
  91  6:42  Barracks x2  
  91  6:45  Marauder x2  
  95  6:49  Siege Tank  
  101  7:01  Medivac x2  
  106  7:09  Marauder x2  
  114  7:25  Siege Tank  
  114  7:28  Missile Turret x2  
  117  7:31  Marauder x2, Liberator  
  117  7:32  Barracks Reactor  
  123  7:38  Barracks Tech Lab  
  125  7:44  Orbital Command  
  126  7:51  Terran Infantry Armor Level 1  
  126  7:57  Missile Turret  
  126  7:59  Marauder x2  
  126  8:03  Orbital Command  
  132  8:18  Concussive Shells  
  132  8:19  Siege Tank  
  145  8:37  Refinery x2  
  148  8:53  Liberator x2  
  149  9:01  Engineering Bay, Armory  
  161  9:22  Fusion Core  
  159  9:25  Starport  
  157  9:32  Command Center  
  157  9:36  Missile Turret  
  156  9:50  Terran Infantry Weapons Level 2, Terran Infantry Armor Level 2  
  156  9:51  Terran Ship Weapons Level 1  
Spawning Tool Build Advisor. Get it on Overwolf

Go to:

Details

  • Created by: maticz
  • Published on: Apr 03, 2019
  • Modified on: Apr 03, 2019
  • Patch: 4.7.1
Show
View Real Time Build Order
Export as new Build Order

Comments (0)

There are no comments. Be the first!

Create an account to comment!